 Dungeon Crawl Stone Soup version 0.20-a0-454-g2b43fbb (webtiles) character file.

1014 Astrith the Martial Artist (level 8, -3/102 HPs)
             Began as a Pale Draconian Monk on Jan 9, 2017.
             Slain by Halberto's ghost (5 damage)
             ... on level 5 of the Dungeon.
             The game lasted 00:12:08 (6968 turns).

Astrith the Martial Artist (Pale Draconian Monk)    Turns: 6968, Time: 00:12:09

Health: -3/102     AC: 24    Str: 11 (13) XL:     8   Next: 1%
Magic:  8/8        EV:  2    Int: 12      God:
Gold:   270        SH:  0    Dex: 18      Spells: 7/7 levels left

rFire  + . .     SeeInvis .       - Unarmed
rCold  + . .     Gourm    .     (armour unavailable)
rNeg   + + +     Faith    .     (no shield)
rPois  +         Spirit   .     (helmet currently unavailable)
rElec  +         Reflect  .     (cloak currently unavailable)
rCorr  +         Harm     .     (gloves currently unavailable)
MR     +....     NoTele   +     (boots currently unavailable)
Stlth  +++.......               (no amulet)
                                i - ring of protection from magic
                                q - +3 ring of evasion

@: agile, tree-form, resistant
A: (breathe steam), unfitting armour, (stinger 0), clumsy 1, (shaggy fur 0),
(cold-blooded), AC +6
a: no special abilities


You were on level 5 of the Dungeon.
You were very hungry.
You were a tree.
You visited 1 branch of the dungeon, and saw 5 of its levels.

You collected 270 gold pieces.

Inventory:

Hand Weapons
 c - a +0 dagger
 t - a +3 dagger of pain
Armour
 l - a +2 cloak (melded)
Jewellery
 g - an uncursed ring of protection from cold {unknown}
 i - a ring of protection from magic (right branch)
 q - a +3 ring of evasion (left branch)
Wands
 r - a wand of lightning (13/15)
Scrolls
 b - 2 scrolls of magic mapping
 d - a scroll of teleportation
 w - a scroll of identify
Potions
 f - 2 potions of haste
 h - 2 potions of degeneration
 m - 2 potions of lignification
 n - a potion of brilliance
Comestibles
 a - 4 bread rations
 j - 6 meat rations
 k - 2 fruits


   Skills:
 - Level 5.0 Fighting
 + Level 4.3 Dodging
 - Level 1.7 Stealth
 * Level 8.3 Unarmed Combat


You had 7 spell levels left.
You didn't know any spells.

Dungeon Overview and Level Annotations

Branches:
Dungeon (5/15)
 Temple: D:4-7

Altars:
Fedhas
Hepliaklqana
Trog
Uskayaw
Vehumet
Yredelemnul

Shops:
D:5 :

Annotations:
D:5 Halberto's ghost, novice GrMo


Innate Abilities, Weirdness & Mutations

((You can breathe blasts of scalding, opaque steam.))
((Your pale cyan-grey scales are hard. (AC +6)))
You cannot fit into any form of body armour.
((You are cold-blooded and may be slowed by cold attacks.))
((Your tail ends in a poisonous barb.))
You are clumsy. (Dex -2)
((You are covered in fur. (AC +1)))


Message History

You hit Halberto's ghost but do no damage.
Halberto's ghost is lightly damaged.
The orc wizard barely misses you.
Halberto's ghost hits you but does no damage.
You hit Halberto's ghost but do no damage.
Halberto's ghost is lightly damaged.
The orc wizard hits you but does no damage.
You closely miss Halberto's ghost.
Halberto's ghost is lightly damaged.
Halberto's ghost hits you but does no damage.
The orc wizard gestures wildly while chanting.
The orc wizard blinks!
You closely miss Halberto's ghost.
Halberto's ghost is lightly damaged.
Halberto's ghost hits you.
* * * LOW HITPOINT WARNING * * *
You hit Halberto's ghost.
Halberto's ghost is lightly damaged.
Halberto's ghost hits you.
You die...

#.##...............>.........
#.###......###...##.#........
#.# ######## #...##.#........
#.# ######.#........ #.#
#.#########
#.#################.#########
#...†........................
##############§...###########
#.........§W♣§§§.............
#.############§§..########...
#.# #.§..# #... #.# #....#
#... #.# #....# #... #.#
###### #... #.# #... #.# #...
#.# ####


You could see Halberto's ghost.

Vanquished Creatures
  A phantom (D:5)
  2 ogres (D:5)
  A gnoll sergeant (D:5)
  3 scorpions
  A crimson imp (D:5)
  A centaur zombie (D:4)
  A jelly (D:4)
  A hound (D:5)
  An orc priest (D:5)
  2 iguanas
  An orc wizard (D:4)
  2 worker ants
  A worker ant zombie (D:5)
  8 gnolls
  6 adders
  4 worms
  A dart slug (D:1)
  A leopard gecko (D:1)
  12 orcs
  4 ball pythons
  3 giant cockroaches
  13 goblins
  10 hobgoblins
  12 jackals
  6 kobolds
  2 quokkas
  3 bats
  4 frilled lizards
  2 leopard gecko skeletons (D:4)
  A quokka zombie (D:5)
  11 rats
  A spectral orc (D:2)
122 creatures vanquished.

Notes
Turn   | Place    | Note
-------+----------+-------------------------------------------
     0 | D:1      | Astrith the Draconian Monk began the quest for the Orb.
     0 | D:1      | Reached XP level 1. HP: 19/19 MP: 1/1
   126 | D:1      | Reached XP level 2. HP: 26/26 MP: 2/2
   846 | D:1      | Reached XP level 3. HP: 32/33 MP: 3/3
  1118 | D:2      | Found a radiant altar of Vehumet.
  1601 | D:2      | Reached skill level 4 in Unarmed Combat
  1970 | D:2      | Found a hazy altar of Hepliaklqana.
  1983 | D:2      | Reached XP level 4. HP: 35/40 MP: 4/4
  2437 | D:2      | Found a basalt altar of Yredelemnul.
  2971 | D:3      | Found a blossoming altar of Fedhas.
  3485 | D:4      | Reached XP level 5. HP: 27/47 MP: 5/5
  3644 | D:4      | Reached skill level 5 in Unarmed Combat
  3908 | D:4      | Reached skill level 5 in Fighting
  4086 | D:4      | Noticed a phantom
  4850 | D:4      | Reached XP level 6. HP: 56/56 MP: 6/6
  4852 | D:4      | Reached skill level 6 in Unarmed Combat
  5066 | D:4      | You fall through a shaft!
  5066 | D:5      | Entered Level 5 of the Dungeon
  5086 | D:5      | Found a hide-covered altar of Uskayaw.
  5086 | D:5      | Noticed a dagger
  5086 | D:5      | Noticed a hand axe
  5148 | D:5      | Found Rison's Book Shop.
  5188 | D:5      | Found a bloodstained altar of Trog.
  5764 | D:5      | Reached skill level 7 in Unarmed Combat
  5764 | D:5      | Your scales start taking on a pale cyan-grey colour.
  5764 | D:5      | Reached XP level 7. HP: 47/61 MP: 7/7
  6063 | D:5      | Noticed Halberto's ghost (novice GrMo)
  6521 | D:5      | Reached skill level 8 in Unarmed Combat
  6953 | D:5      | Reached XP level 8. HP: 8/68 MP: 8/8
  6954 | D:5      | Gained mutation: Your tail ends in a poisonous barb. [potion of mutation]
  6954 | D:5      | Gained mutation: You are covered in fur. (AC +1) [potion of mutation]
  6954 | D:5      | Gained mutation: You are clumsy. (Dex -2) [potion of mutation]
  6954 | D:5      | HP: 3/102 [Halberto's ghost (3)]
  6967 | D:5      | HP: 2/102 [Halberto's ghost (4)]
  6968 | D:5      | Slain by Halberto's ghost

Vault maps used:
D:1:      elethiomel_arrival_diamonds, minmay_misc_feat_x
D:2:      yredelemnul_forgotten_temple_becter, old_standard_altar,
          lemuel_crystal_altar
D:3:      minmay_wonky_spiral, fedhas_altar_3
D:5:      minmay_goblin_kobold_castle, dancing_weapons_uskayaw,
          marbit_many_paths, first_bread, serial_shops, shop

Skill      XL: |  1  2  3  4  5  6  7 |
---------------+----------------------+-----
Fighting       | 4 5 |  5.0
Unarmed Combat | 4 5 7 8 |  8.3
Dodging        | 3 4 |  4.3
Stealth        | |  1.7

Action                   |  1- 3 |  4- 6 |  7- 9 || total
-------------------------+-------+-------+-------++-------
Melee: Unarmed           |    33 |   196 |   149 ||   378
       Tailslap          |    27 |    30 |    12 ||    69
       Dagger            |   158 |   112 |       ||   270
       Punch             |     3 |    11 |     5 ||    19
 Abil: Breathe Steam     |       |       |     2 ||     2
Evoke: Wand              |       |       |     1 ||     1
  Use: Scroll            |       |     9 |     4 ||    13
       Potion            |       |     5 |     4 ||     9
 Stab: Sleeping          |     4 |     5 |     1 ||    10
  Eat: Chunk             |     2 |     6 |     4 ||    12
       Fruit             |     2 |       |       ||     2
       Meat ration       |       |     1 |       ||     1
Armor: Skin              |    41 |    47 |    43 ||   131
Dodge: Dodged            |   126 |   193 |    76 ||   395
